 Dungeon Crawl Stone Soup version 0.18-a0-1683-gf9322e6 (webtiles) character file.

6504 namelastname112 the Carver (level 10, -1/91 HPs)
             Began as a Green Draconian Berserker on Apr 3, 2016.
             Was a High Priest of Trog.
             Slain by Erica
             ... wielding a +2 scimitar of flaming
              (5 damage)
             ... on level 9 of the Dungeon.
             The game lasted 00:10:17 (6395 turns).

namelastname112 the Carver (DrBe)                   Turns: 6395, Time: 00:10:18

Health: -1/91      AC:  9    Str: 20    XL:     10   Next: 69%
Magic:  19/19      EV: 14    Int:  8    God:    Trog [*****.]
Gold:   396        SH:  7    Dex: 10    Spells: 0 memorised, 9 levels left

rFire  . . .     SeeInvis .     x - +0 long sword (elec)
rCold  . . .     Gourm    .     (armour unavailable)
rNeg   . . .     Faith    .     i - +2 buckler
rPois  +         Spirit   .     N - +1 hat
rElec  .         Dismiss  .     F - +0 cloak
rCorr  .         Reflect  .     (no gloves)
SustAt .         Harm     .     (no boots)
MR     ++...                    H - amulet of inaccuracy (curse)
Stlth  +.........               J - -3 ring of dexterity (curse)
                                c - ring of magical power

@: lethally poisoned (-1 -> -1), regenerating, slowed, very slow, very resistant
to hostile enchantments, very unstealthy
A: breathe noxious fumes, unfitting armour, poison resistance, cold-blooded, AC
+7
a: Breathe Noxious Fumes, Berserk, Trog's Hand, Brothers in Arms, Burn
Spellbooks, Renounce Religion


You were on level 9 of the Dungeon.
You worshipped Trog.
Trog was extremely pleased with you.
You were very hungry.

You visited 1 branch of the dungeon, and saw 9 of its levels.

You collected 396 gold pieces.

Inventory:

Hand Weapons
 x - a +0 long sword of electrocution (weapon)
Missiles
 m - 2 throwing nets (quivered)
Armour
 i - a +2 buckler (worn)
 F - a +0 cloak (worn)
 N - a +1 hat (worn)
Jewellery
 c - a ring of magical power (left hand)
 j - an uncursed amulet of guardian spirit
 D - an uncursed ring of wizardry
 H - a cursed amulet of inaccuracy (around neck)
 J - a cursed -3 ring of dexterity (right hand)
Wands
 y - a wand of slowing (19/48)
 E - a wand of polymorph (12/24)
Scrolls
 d - 3 scrolls of remove curse {unknown}
 e - 2 scrolls of teleportation {unknown}
 h - 3 scrolls of enchant weapon {unknown}
 n - 9 scrolls of identify {unknown}
 o - 2 scrolls of fear {unknown}
 p - 2 scrolls of immolation {unknown}
 t - 3 scrolls of magic mapping {unknown}
 u - 3 scrolls of fog {unknown}
 v - a scroll of amnesia {unknown}
 z - 3 scrolls of random uselessness {unknown}
 C - 3 scrolls of torment {unknown}
 M - a scroll of summoning {unknown}
Potions
 a - a potion of resistance {unknown}
 f - 2 potions of curing {unknown}
 g - 2 potions of lignification {unknown}
 l - a potion of magic {unknown}
 r - a potion of agility {unknown}
 s - 2 potions of haste {unknown}
 w - a potion of mutation {unknown}
Miscellaneous
 K - a plain deck of war
 L - a stone of tremors
Comestibles
 b - 6 bread rations
 k - 6 meat rations
 q - 9 slices of pizza
 B - 2 beef jerkies
 G - a royal jelly


   Skills:
 + Level 9.0 Fighting
 * Level 10.7 Long Blades
 + Level 7.2 Dodging
 + Level 7.0 Shields


You had 9 spell levels left.
You didn't know any spells.

Dungeon Overview and Level Annotations

Branches:
Dungeon (9/15)             Temple (0/1) D:6
   Lair: D:8-11         Orc: D:9-12

Altars:
Ashenzari
Dithmenos
Fedhas
Gozag
Kikubaaqudgha
Nemelex Xobeh
Okawaru
Qazlal
Ru
Xom
Zin
The Shining One

Shops:
D:7 =

Annotations:
D:9 Erica


Innate Abilities, Weirdness & Mutations

You can breathe blasts of noxious fumes.
Your lurid green scales are hard (AC +7).
Your body does not fit into most forms of armour.
Your system is resistant to poisons.
You are cold-blooded and may be slowed by cold attacks.


Message History

You feel yourself slow down.
You feel sick. The hell hound bites you. The hell hound breathes flames at you.
The blast of flame hits you!
* * * LOW HITPOINT WARNING * * *
You feel sick. You block the hell hound's attack. The hill giant misses you.
You feel sick. The hell hound breathes flames at you.
The blast of flame misses you.
You feel sick. The hell hound barely misses you.
Drink which item? (? for menu, Esc to quit)
Okay, then.
Your skin crawls.
You feel resistant to hostile enchantments.
You feel slightly more hungry.
You feel sick. The hell hound bites you.
* * * LOW HITPOINT WARNING * * *
Something hits you!
* * * LOW HITPOINT WARNING * * *
Something burns you.
You die...

. .... #. #... ### #..
#... #.. #.# ##.....##
..... #..##...
....####..## .....
...(....# #..# #......
#@## #....# #h.##
#...## # ##C.#
##....####
###..#####......##.
###.....##....##.....
..........$...####....
.............## ##...
..............# #....
................##....


You could see a hill giant and a hell hound.

Vanquished Creatures
  Gastronok (D:9)
  The ghost of namelastname112 the Slasher, a novice DrBe of Trog (D:6)
  Maurice (D:8)
  The ghost of namelastname112 the Slasher, an amateur DrBe of Trog (D:4)
  Prince Ribbit (D:6)
  A hog (D:7)
  A yak (D:7)
  A human (D:7)
  Edmund (D:6)
  A hippogriff (D:9)
  Duvessa (D:4)
  2 black bears
  An ice beast (D:6)
  A sky beast (D:8)
  6 ogres
  A phantom (D:5)
  2 centaurs
  Blork the orc (D:6)
  3 giant frogs
  Dowan (D:4)
  2 scorpions
  6 killer bees (D:8)
  4 howler monkeys (D:7)
  2 crimson imps
  2 jellies (D:8)
  A gnoll shaman (D:4)
  An orc priest (D:4)
  2 hounds
  7 orc wizards
  Jessica (D:3)
  A giant frog skeleton (D:7)
  4 iguanas
  4 worker ants
  2 sheep (D:7)
  2 hound zombies
  4 hound skeletons
  7 gnolls
  7 adders
  An adder zombie (D:7)
  An adder skeleton (D:4)
  4 worms
  6 dart slugs
  3 giant geckos
  10 orcs
  7 giant cockroaches
  6 hobgoblins
  7 jackals
  11 kobolds
  5 quokkas
  3 ball pythons
  A ball python zombie (D:6)
  7 bats
  10 giant newts
  16 goblins
  A jackal skeleton (D:6)
  2 quokka skeletons
  7 rats
196 creatures vanquished.

Vanquished Creatures (others)
  An orc wizard (D:4)
1 creature vanquished.

Grand Total: 197 creatures vanquished

Notes
Turn   | Place    | Note
--------------------------------------------------------------
     0 | D:1      | namelastname112 the Draconian Berserker began the quest for the Orb.
     0 | D:1      | Reached XP level 1. HP: 19/19 MP: 1/1
   112 | D:1      | Reached XP level 2. HP: 22/26 MP: 2/2
   527 | D:1      | Reached ** piety under Trog
   584 | D:1      | Reached XP level 3. HP: 33/33 MP: 3/3
   853 | D:2      | Found a blossoming altar of Fedhas.
  1332 | D:2      | Found an iron altar of Okawaru.
  1444 | D:2      | Reached XP level 4. HP: 32/40 MP: 4/4
  1509 | D:3      | Found an opulent altar of Gozag.
  1550 | D:3      | Reached skill level 1 in Shields
  1555 | D:3      | Reached skill level 4 in Long Blades
  1628 | D:3      | Found a sacrificial altar of Ru.
  1637 | D:3      | Reached XP level 5. HP: 28/47 MP: 5/5
  1666 | D:3      | Reached *** piety under Trog
  2057 | D:3      | Noticed Jessica
  2063 | D:3      | Killed Jessica
  2150 | D:3      | Noticed an ogre
  2162 | D:3      | Killed an ogre
  2162 | D:3      | Reached XP level 6. HP: 53/53 MP: 6/6
  2168 | D:3      | Reached skill level 5 in Long Blades
  2301 | D:4      | Reached **** piety under Trog
  2436 | D:4      | Reached skill level 5 in Fighting
  2874 | D:4      | Noticed namelastname112's ghost (amateur DrBe)
  2890 | D:4      | Killed namelastname112's ghost
  2890 | D:4      | Your scales start taking on a lurid green colour.
  2890 | D:4      | Reached XP level 7. HP: 61/61 MP: 7/7
  2890 | D:4      | Gained mutation: Your system is resistant to poisons. [Green Draconian growth]
  2930 | D:4      | Found a sparkling altar of Nemelex Xobeh.
  2966 | D:4      | Reached skill level 6 in Long Blades
  2992 | D:4      | Noticed Duvessa
  2992 | D:4      | Noticed Dowan
  3001 | D:4      | Killed Duvessa
  3023 | D:4      | Killed Dowan
  3381 | D:5      | Entered Level 5 of the Dungeon
  3589 | D:5      | Reached XP level 8. HP: 64/70 MP: 8/8
  3749 | D:5      | Found a glowing golden altar of the Shining One.
  3749 | D:5      | Found a stormy altar of Qazlal.
  3870 | D:6      | Noticed namelastname112's ghost (novice DrBe)
  3892 | D:6      | Killed namelastname112's ghost
  3892 | D:6      | Reached skill level 7 in Long Blades
  3892 | D:6      | Reached skill level 5 in Dodging
  3955 | D:6      | Noticed Edmund
  3961 | D:6      | Killed Edmund
  4008 | D:6      | Noticed Blork the orc
  4012 | D:6      | Found a staircase to the Ecumenical Temple.
  4020 | D:6      | Killed Blork the orc
  4020 | D:6      | Reached skill level 8 in Long Blades
  4020 | D:6      | Reached XP level 9. HP: 55/78 MP: 9/9
  4047 | D:6      | Noticed Prince Ribbit
  4066 | D:6      | Killed Prince Ribbit
  4166 | D:6      | Reached skill level 5 in Shields
  4374 | D:6      | Found a glowing silver altar of Zin.
  4654 | D:7      | Found Reazax's Jewellery Shop.
  4768 | D:7      | Reached skill level 9 in Long Blades
  5029 | D:7      | Reached ***** piety under Trog
  5354 | D:8      | Noticed Maurice
  5375 | D:8      | Killed Maurice
  5375 | D:8      | Reached XP level 10. HP: 78/88 MP: 10/10
  5409 | D:8      | Found a shattered altar of Ashenzari.
  5450 | D:8      | Found a shadowy altar of Dithmenos.
  5698 | D:8      | Reached skill level 10 in Long Blades
  5834 | D:8      | Found an ancient bone altar of Kikubaaqudgha.
  6102 | D:9      | Found a shimmering altar of Xom.
  6188 | D:9      | Noticed Gastronok
  6211 | D:9      | Killed Gastronok
  6370 | D:9      | Noticed Erica
  6371 | D:9      | Noticed a hill giant
  6395 | D:9      | HP: 4/91 [something (10)]
  6395 | D:9      | Slain by Erica

Vault maps used:
D:1:      dpeg_arrival_fog
D:2:      lemuel_crystal_altar, okawaru_altar_gauntlet_db
D:3:      nicolae_overflow_hidden_temple, nicolae_ru_great_annihilating_truth,
          nicolae_gozag_seed_capital, minmay_ogre_servants, uniq_jessica
D:4:      first_bread, nemelex_spade_bored_becter, uniq_duvessa
D:5:      gammafunk_temple_overflow_pools
D:6:      zin_scriptorium, minmay_temple_entry_statues, uniq_blork_the_orc,
          uniq_edmund, uniq_prince_ribbit1
D:7:      serial_shops, shop, serial_bayou_pond_a, roderic_lattice_a,
          grunt_livestock
D:8:      nicolae_overflow_crystal_walls, lemuel_crystal_altar,
          grunt_dithmenos_smoke_and_mirrors, uniq_maurice
D:9:      xom_teletrap_fun, minmay_lair_entry_lava, uniq_gastronok, uniq_erica

Skill      XL: |  1  2  3  4  5  6  7  8  9 10 |
---------------+-------------------------------+-----
Dodging        | 3 4 5 6 7 |  7.2
Fighting       | 4 5 6 8 9 |  9.0
Shields        | 1 2 3 4 5 7 |  7.0
Long Blades    | 4 5 6 8 9 10 | 10.7

Action                   |  1- 3 |  4- 6 |  7- 9 | 10-12 || total
-------------------------+-------+-------+-------+-------++-------
Melee: Falchion          |   107 |   244 |    30 |       ||   381
       Short sword       |       |       |    23 |       ||    23
       Long sword        |       |       |   198 |   146 ||   344
Invok: Berserk           |       |     4 |     1 |     1 ||     6
       Burn Spellbooks   |       |       |     1 |       ||     1
       Trog's Hand       |       |       |       |     1 ||     1
 Abil: Breathe Noxious F |       |       |     2 |       ||     2
  Use: Potion            |       |       |       |     1 ||     1
 Stab: Sleeping          |     3 |     1 |       |       ||     4
       Paralysed         |       |     1 |       |       ||     1
  Eat: Chunk             |     1 |     8 |     8 |     3 ||    20
       Royal jelly       |       |       |     1 |       ||     1
       Pizza             |       |       |     1 |       ||     1
